 Dungeon Crawl Stone Soup version 0.27-a0-1378-gdefffd1ff6 (webtiles) character file.

Game seed: 2051245395672287688

207 Lanoc the Poker (level 5, -7/63 HPs)
             Began as a Merfolk Abyssal Knight on June 29, 2021.
             Was a Believer of Lugonu.
             Splashed by a jelly's acid (8 damage)
             ... on level 6 of the Dungeon.
             The game lasted 00:03:54 (3463 turns).

Lanoc the Poker (Merfolk Abyssal Knight)            Turns: 3463, Time: 00:03:55

Health: -7/63      AC: -1    Str: 12    XL:     5   Next: 85%
Magic:  16/16      EV:  2    Int: 11    God:    Lugonu [**....]
Gold:   78         SH:  0    Dex: 15    Spells: 4/4 levels left

rFire    . . .     SeeInvis .   a - +1 spear
rCold    . . .     Faith    .   (no shield)
rNeg     + + +     Spirit   .   (armour currently unavailable)
rPois    +         Reflect  .   (helmet currently unavailable)
rElec    .         Harm     .   (cloak currently unavailable)
rCorr    .         Rampage  .   (gloves currently unavailable)
Will     .....     NoTele   +   (boots currently unavailable)
Stlth    +.........             (no amulet)
HPRegen  0.20/turn              j - ring of magical power
MPRegen  0.15/turn              (no ring)

@: tree-form, corroded, attractive
A: stationary, stasis, torment immunity, boosted hp, (nimble swimmer 2),
(mertail)
a: Renounce Religion, Depart the Abyss, Bend Space


You were on level 6 of the Dungeon.
You worshipped Lugonu.
Lugonu was pleased with you.
You were a tree.
You visited 1 branch of the dungeon, and saw 4 of its levels.
You visited the Abyss 1 time.

You collected 78 gold pieces.

Inventory:

Hand Weapons
 a - a +1 spear (weapon)
Armour
 b - a +0 leather armour (melded)
 d - a +0 hat (melded)
Jewellery
 j - a ring of magical power (left branch)
Wands
 o - a wand of mindburst (13)
Scrolls
 c - 3 scrolls of identify {unknown}
 e - a scroll of blinking {unknown}
 f - 2 scrolls of enchant armour {unknown}
 g - 2 scrolls of teleportation {unknown}
 i - 2 scrolls of amnesia {unknown}
 l - a scroll of noise {unknown}
 m - a scroll of acquirement {unknown}
 p - a scroll of immolation {unknown}
Potions
 k - a potion of curing


   Skills:
 + Level 4.2 Fighting
 * Level 5.9 Polearms
 - Level 0.6 Armour
 + Level 4.1 Dodging
 + Level 3.2 Invocations


You had 4 spell levels left.
You didn't know any spells.
Your spell library contained the following spells:

 Spells                   Type           Power      Damage    Failure   Level
 Magic Dart               Conj           0%         1d3       34%         1
 Searing Ray              Conj           0%         3d3       47%         2
 Dazzling Flash           Conj/Hex       0%         N/A       71%         3
 Fulminant Prism          Conj/Hex       0%         3d6       98%         4
 Iskenderun's Mystic Bla  Conj/Tloc      0%         2d3       98%         4


Dungeon Overview and Level Annotations

Branches:
Dungeon (3/15)

Altars:


Innate Abilities, Weirdness & Mutations

You are a tree.
Your roots penetrate the ground, keeping you stationary.
You cannot be teleported.
You are immune to unholy pain and torment.
Your maximum health is greatly increased.
Your equipment is partially melded.
((You are quick and stealthy near water. (Stealth+, EV+, Speed+++)))
((Your lower body shifts to a powerful aquatic tail in water.))


Message History

You feel much better. The jelly hits you.
You are splashed with acid!
You hit the jelly but do no damage.
Your branches burn!
The jelly is moderately wounded.
You hit the jelly but do no damage.
Your branches burn!
The jelly is moderately wounded.
The jelly hits you but does no damage.
You hit the jelly but do no damage.
Your branches burn!
The jelly is moderately wounded.
The jelly barely misses you.
You hit the jelly but do no damage.
Your branches burn!
* * * LOW HITPOINT WARNING * * *
The jelly is moderately wounded.
The jelly barely misses you.
You barely miss the jelly.
The jelly is moderately wounded.
The jelly completely misses you.
You hit the jelly but do no damage.
Your branches burn!
* * * LOW HITPOINT WARNING * * *
The jelly is lightly wounded.
You hit the jelly but do no damage.
Your branches burn!
* * * LOW HITPOINT WARNING * * *
The jelly is lightly wounded.
The jelly hits you.
* * * LOW HITPOINT WARNING * * *
The acid corrodes you!
You are splashed with acid!
* * * LOW HITPOINT WARNING * * *
You completely miss the jelly.
The jelly is lightly wounded.
The jelly hits you but does no damage.
Aiming: Mindburst
Press: ? - help, Shift-Dir - straight line, f - you That would be overly suicidal.
Okay, then.
You hit the jelly but do no damage. The acid corrodes you!
Your branches burn!
* * * LOW HITPOINT WARNING * * *
The jelly is lightly wounded.
The jelly hits you.
* * * LOW HITPOINT WARNING * * *
You are splashed with acid!
You die...

#..# ##.##
##..# #..##
#.## #.# #.#
#.# #♣# #J#
#Z#
#......J...
#...........
#.....|......
#............
#............
#............


You could see a jelly and a hornet zombie.

Vanquished Creatures
  A wyvern skeleton (D:6)
  Natasha (D:2)
  A gnoll (D:1)
  7 adders
  A worm (D:1)
  A dart slug (D:1)
  An orc (D:2)
  3 ball pythons
  4 bats
  8 endoplasms
  A giant cockroach (D:2)
  7 goblins
  A hobgoblin (D:1)
  4 kobolds
  4 quokkas
  2 frilled lizards
  6 rats
53 creatures vanquished.

Notes
Turn   | Place    | Note
-------+----------+-------------------------------------------
     0 | Abyss:1  | Lanoc the Merfolk Abyssal Knight began the quest for the
                  | Orb.
     0 | Abyss:1  | Reached XP level 1. HP: 18/18 MP: 2/2
    48 | Abyss:1  | Noticed a small abomination
    58 | Abyss:1  | Noticed a dread lich
    59 | D:1      | Escaped the Abyss
   255 | D:1      | Reached XP level 2. HP: 16/24 MP: 3/3
   472 | D:1      | Reached * piety under Lugonu
   651 | D:1      | Reached XP level 3. HP: 29/29 MP: 4/4
   748 | D:1      | Reached skill level 4 in Polearms
   780 | D:1      | Found a faded altar of an unknown god.
  1617 | D:2      | Reached XP level 4. HP: 32/37 MP: 6/6
  2434 | D:2      | Reached skill level 5 in Polearms
  2702 | D:2      | Reached ** piety under Lugonu
  2749 | D:2      | Noticed Natasha
  2759 | D:2      | Killed Natasha
  2760 | D:2      | Reached XP level 5. HP: 15/42 MP: 7/7
  3126 | D:3      | You fall into a shaft and drop 3 floors!
  3463 | D:6      | HP: 1/63 [jelly (3)]
  3463 | D:6      | Splashed by a jelly's acid

Illustrated notes

Levels and vault maps discovered:
D:1:      psy_arrival_terrarium, layout_loops_corners,
          shapermc_ecumenical_altar_starsandcircs,
          chequers_serial_rivers_large_a
D:2:      layout_rooms, minmay_tromino_i2, uniq_natasha
D:3:      layout_basic
D:6:      layout_rooms, uniq_pikel

Skill      XL: |  1  2  3  4  5 |
---------------+----------------+-----
Dodging        | 3 4 |  4.1
Polearms       | 4 5 |  5.9
Fighting       | 4 |  4.2
Invocations    | 3 |  3.2
Armour         | |  0.6

Action                   |  1- 3 |  4- 6 || total
-------------------------+-------+-------++-------
Melee: Spear             |    87 |   152 ||   239
Invok: Depart the Abyss  |     1 |       ||     1
  Use: Potion            |     2 |     5 ||     7
 Stab: Sleeping          |     3 |     3 ||     6
Armor: Leather armour    |    10 |    25 ||    35
       Skin              |       |     5 ||     5
Dodge: Dodged            |    33 |    69 ||   102

Table legend: (Time is in decaauts)
 A = Elapsed time spent in this place.
 B = Non-inter-level travel time spent in this place.
 C = Inter-level travel time spent in this place.
 D = Time resting spent in this place.
 E = Time spent auto-exploring this place.
 F = Levels seen in this place.
 G = Mean time per level.
                   A        B        C        D        E       F      G
               +--------+--------+--------+--------+--------+-----+--------+
         Total |   3417 |   3373 |     44 |    251 |   2726 |   5 |  683.4 |
       Dungeon |   3358 |   3314 |     44 |    251 |   2679 |   4 |  839.5 |
         Abyss |     58 |     58 |      0 |      0 |     47 |   1 |   58.0 |
               +--------+--------+--------+--------+--------+-----+--------+

Top non-repeatable levels by time:
     D:2: 1481 daAuts
     D:1: 1404 daAuts
     D:6: 330 daAuts
     D:3: 142 daAuts
 Abyss:1: 58 daAuts
